Map: Emerald City CE

Players

COCONUT

  • Race: Terran Terran
  • Spawn Location: 11:00

Ryn

  • Race: Zerg Zerg
  • Spawn Location: 11:00

Yava

  • Race: Terran Terran
  • Spawn Location: 5:00

ILYA

  • Race: Terran Terran
  • League: Platinum
  • Spawn Location: 5:00

VOD

Have the link to the VOD?

Description

Time

  • Played on: July 9, 2024, 9:25 a.m.
  • Length: 10:25
Show
View Real Time Build Order
Export as new Build Order

COCONUT Terran 

Build Orders:  

Get SALT Encoding   

  12  0:00  SCV  
  13  0:14  SCV  
  13  0:18  Supply Depot  
  14  0:26  SCV  
  15  0:40  SCV, Refinery  
  16  0:45  Supply Depot  
  16  0:52  SCV  
  17  1:02  Barracks  
  17  1:08  SCV  
  18  1:20  SCV  
  19  1:50  Command Center  
  19  1:51  Barracks Reactor  
  20  1:54  SCV  
  20  1:58  Refinery  
  20  2:06  SCV  
  21  2:16  Supply Depot  
  21  2:21  SCV  
  22  2:27  Factory  
  22  2:29  Marine x2  
  24  2:33  SCV  
  25  2:38  Supply Depot  
  25  2:49  Marine  
  25  2:50  Marine  
  27  2:54  SCV  
  28  3:02  SCV  
  29  3:06  SCV  
  29  3:10  Marine x2  
  29  3:11  Factory Tech Lab  
  32  3:14  SCV  
  33  3:25  Starport  
  33  3:27  Orbital Command  
  33  3:31  SCV  
  34  3:37  Marine  
  34  3:38  Marine  
  36  3:47  Siege Tank  
  39  3:59  Orbital Command  
  39  4:01  SCV  
  40  4:04  Starport Reactor  
  40  4:13  SCV  
  41  4:19  Siege Tank  
  43  4:25  SCV  
  43  4:37  SCV  
  42  4:47  Marine x2  
  42  4:48  Viking  
  42  4:49  SCV  
  42  4:51  Siege Tank  
  47  5:01  SCV  
  48  5:09  Viking  
  48  5:13  Refinery  
  40  6:00  Refinery  
  40  6:04  SCV  
  41  6:16  SCV  
  42  6:19  Armory  
  42  6:22  SCV  
  43  6:31  Liberator  
  47  6:34  SCV  
  45  6:43  Command Center  
  45  6:46  SCV  
  45  6:58  SCV  
  44  7:04  Orbital Command  
  44  7:10  SCV  
  45  7:32  SCV  
  46  7:37  Engineering Bay  
  46  7:43  SCV  
  47  7:44  SCV  
  47  7:47  Starport Reactor  
  48  7:53  Terran Ship Weapons Level 1  
  48  7:55  SCV x2  
  48  7:57  SCV  
  51  8:07  SCV x2, Missile Turret  
  51  8:09  SCV, Missile Turret  
  54  8:19  SCV x2  
  56  8:21  SCV  
  57  8:28  Missile Turret  
  57  8:30  Missile Turret  
  57  8:31  SCV x2  
  57  8:33  SCV  
  60  8:38  Viking x2  
  64  8:43  SCV x2  
  64  8:45  SCV  
  67  8:55  SCV x2  
  68  8:56  Refinery  
  68  8:57  SCV  
  70  9:04  Armory  
  70  9:07  SCV  
  70  9:08  SCV  
  70  9:10  SCV  
  70  9:11  Viking x2  
  74  9:19  SCV  
  74  9:20  SCV  
  74  9:23  Siege Tank  
  65  9:31  SCV  
  60  9:39  Marine x2  
  60  9:43  Viking x2  
  62  9:57  Marine  
  62  9:58  Marine  
Show
View Real Time Build Order
Export as new Build Order

Ryn Zerg 

Build Orders: Pool First 

Get SALT Encoding   

  12  0:00  Drone  
  13  0:07  Drone  
  14  0:24  Extractor  
  14  0:25  Extractor, Drone x2  
  16  1:07  Overlord, Spawning Pool  
  15  1:12  Hatchery  
  14  1:20  Overlord  
  14  1:35  Overlord  
  14  1:36  Drone x2  
  16  1:40  Extractor  
  15  1:53  Drone  
  16  1:54  Queen  
  18  2:03  Roach Warren  
  18  2:07  Zergling x2  
  18  2:11  Drone, Extractor  
  18  2:19  Drone  
  19  2:31  Drone  
  19  2:33  Spore Crawler  
  19  2:35  Drone x2  
  21  2:43  Queen  
  23  2:47  Drone  
  24  2:58  Drone x2  
  26  3:07  Drone x2  
  26  3:10  Roach  
  30  3:16  Roach  
  32  3:21  Drone  
  33  3:29  Drone  
  33  3:30  Drone x2  
  33  3:33  Drone  
  37  3:42  Lair  
  37  3:47  Metabolic Boost  
  37  3:50  Drone  
  37  3:52  Drone  
  39  3:59  Drone  
  39  4:00  Drone  
  39  4:02  Roach  
  43  4:14  Overlord  
  43  4:17  Overlord  
  43  4:18  Ravager  
  44  4:33  Roach  
  44  4:34  Roach x2, Zergling x4  
  52  4:41  Roach x4  
  52  4:44  Hydralisk Den  
  59  4:47  Evolution Chamber  
  59  4:51  Evolution Chamber  
  57  5:05  Overseer  
  46  5:21  Drone  
  46  5:22  Drone x2, Queen  
  46  5:26  Hydralisk  
  46  5:27  Hydralisk x3  
  57  5:35  Spore Crawler  
  55  5:41  Zergling x2  
  55  5:42  Zergling x6  
  58  5:55  Glial Reconstitution  
  58  6:10  Roach  
  60  6:11  Overlord  
  60  6:12  Overlord x2  
  60  6:29  Extractor x2, Drone x2  
  60  6:30  Drone  
  61  6:40  Hydralisk x2  
  61  6:41  Zergling x2  
  49  6:58  Roach  
  49  6:59  Roach x3  
  47  7:14  Drone x2  
  49  7:21  Drone x3  
  52  7:25  Roach x3  
  58  7:30  Drone  
  59  7:37  Zerg Missile Weapons Level 1  
  59  7:41  Drone  
  60  7:49  Zerg Ground Armor Level 1  
  60  8:10  Zergling x2  
  61  8:14  Drone  
  61  8:16  Hatchery, Zergling x2  
  42  8:37  Roach x4  
  42  8:38  Roach x4  
  58  8:45  Muscular Augments  
  59  8:55  Drone  
  59  9:05  Hydralisk x2  
  62  9:29  Ravager x2  
  62  9:30  Ravager  
  48  9:32  Zergling x12  
  48  9:33  Zergling x4  
  49  9:47  Zergling x2  
  49  9:48  Zergling x12  
  49  9:52  Zergling x2  
  48  9:55  Zergling x2  
Show
View Real Time Build Order
Export as new Build Order

Yava Terran 

Build Orders: 1/1/1, Banshee Rush 

Get SALT Encoding   

  12  0:00  SCV  
  13  0:12  SCV  
  14  0:21  Supply Depot  
  14  0:24  SCV  
  15  0:42  SCV  
  16  0:43  Barracks  
  16  0:48  Refinery  
  16  0:53  Refinery  
  16  0:55  SCV  
  17  1:07  SCV  
  18  1:19  SCV  
  19  1:35  Factory  
  19  1:37  Marine  
  19  1:38  Orbital Command  
  20  1:47  Supply Depot  
  20  1:55  Marine  
  21  2:09  SCV  
  21  2:13  Marine  
  23  2:18  Factory Tech Lab  
  23  2:20  Starport  
  24  2:22  SCV  
  24  2:30  Marine  
  24  2:33  Supply Depot  
  24  2:34  SCV  
  26  3:00  SCV  
  26  3:02  Marine  
  28  3:05  Cloaking Field  
  28  3:06  Banshee  
  28  3:12  SCV  
  32  3:14  Supply Depot  
  32  3:21  Marine  
  32  3:24  SCV  
  32  3:26  Barracks  
  34  3:38  Barracks  
  34  3:39  Marine  
  35  3:49  Banshee  
  38  4:02  Engineering Bay  
  38  4:09  SCV  
  39  4:13  Barracks Tech Lab  
  39  4:14  Barracks Tech Lab  
  39  4:26  Barracks Reactor  
  39  4:28  SCV  
  39  4:29  Terran Infantry Weapons Level 1  
  39  4:31  Missile Turret  
  40  4:35  Stimpack  
  40  4:36  Factory Tech Lab  
  40  4:40  SCV  
  41  4:45  Hyperflight Rotors  
  41  5:23  Siege Tank, Marine x2  
  43  5:38  SCV  
  43  5:41  Banshee  
  47  5:46  Marauder  
  47  5:47  Marine  
  47  5:52  Marine  
  47  5:53  SCV  
  47  5:55  Siege Tank  
  51  6:12  Command Center  
  51  6:15  Marine, Marauder  
  54  6:21  Supply Depot  
  54  6:23  Supply Depot  
  54  6:28  SCV  
  54  6:31  Medivac  
  57  6:39  Missile Turret  
  57  7:00  SCV  
  55  7:01  Siege Tank  
  55  7:02  Marine x2  
  55  7:03  Marauder x2  
  64  7:10  Terran Infantry Armor Level 1  
  64  7:13  Engineering Bay  
  64  7:14  Medivac  
  66  7:25  Refinery  
  66  7:26  Orbital Command  
  66  7:27  Refinery  
  66  7:40  Sensor Tower  
  66  7:46  Sensor Tower  
  66  7:47  SCV  
  67  7:53  Medivac  
  69  7:59  SCV  
  70  8:13  Armory  
  70  8:17  Marine  
  71  8:21  Combat Shield  
  71  8:32  Command Center  
  69  8:37  SCV  
  69  8:39  Medivac  
  69  8:40  Siege Tank  
  69  8:41  Marine  
  76  8:44  SCV  
  77  8:49  SCV  
  78  9:04  Armory  
  76  9:49  Marine x3, Marauder  
  76  9:50  Siege Tank  
  76  9:51  Medivac  
  84  9:57  SCV  
  80  10:07  Marine x2  
Show
View Real Time Build Order
Export as new Build Order

ILYA Terran 

Build Orders: 1/1/1 

Get SALT Encoding   

  12  0:00  SCV  
  13  0:19  Supply Depot  
  13  0:20  SCV  
  14  0:33  SCV  
  15  0:42  Barracks  
  15  0:47  Refinery  
  15  0:49  Refinery  
  15  0:51  SCV  
  16  1:03  SCV  
  17  1:15  SCV  
  18  1:34  Factory  
  18  1:35  Marine  
  18  1:37  Orbital Command  
  19  1:53  Barracks Reactor  
  19  2:03  SCV  
  19  2:07  Supply Depot  
  20  2:15  SCV, Supply Depot  
  21  2:18  Factory Tech Lab  
  21  2:23  Starport  
  21  2:31  Marine x2  
  23  2:40  SCV  
  24  2:44  Siege Tank  
  27  2:51  Marine x2  
  29  3:01  Supply Depot  
  29  3:03  SCV  
  30  3:06  Medivac  
  30  3:11  Marine  
  30  3:12  Marine  
  34  3:17  SCV  
  35  3:28  Marine  
  35  3:30  Marine  
  35  3:31  Siege Tank  
  40  3:48  Starport Reactor  
  40  3:49  Marine x2  
  40  3:54  Supply Depot  
  42  3:56  SCV  
  42  3:58  Supply Depot  
  43  4:07  Marine, Siege Tank  
  47  4:16  Marine  
  39  4:43  SCV  
  40  4:46  Siege Tank  
  40  4:50  Medivac  
  40  4:52  Medivac  
  47  4:54  Command Center  
  47  5:01  Marine x2  
  49  5:18  Siege Tank  
  49  5:19  Marine x2  
  54  5:38  Viking x2  
  54  5:39  Marine x2  
  51  6:01  Siege Tank  
  51  6:02  Marine x2  
  54  6:20  Marine x2  
  54  6:21  Orbital Command  
  54  6:25  Supply Depot  
  56  6:33  Siege Tank  
  56  6:38  Marine x2  
  46  7:13  Marine x2  
  46  7:15  Liberator  
  47  7:16  Medivac  
  47  7:19  Supply Depot  
  49  7:31  Marine x2  
  49  7:32  Siege Tank  
  54  7:46  Viking, Orbital Command  
  54  7:49  Marine x2  
  54  7:50  Command Center  
  58  8:01  Medivac  
  60  8:06  Marine  
  60  8:07  Marine, Supply Depot  
  60  8:12  SCV  
  63  8:15  SCV  
  64  8:24  SCV  
  65  8:36  SCV  
  66  8:41  Viking x2  
  66  8:43  Marine x2  
  73  8:48  SCV  
  53  10:25  Refinery  
Tags
 
Add a new tag
Caveats
  • Supply blocks, unpowered buildings, or Contaminate may cause inaccurate times.
  • Supply counts are checked every 10 seconds.